 Dungeon Crawl Stone Soup version 0.21.1-1-g345015fe64 (webtiles) character file.

662 Peloso the Shield-Bearer (level 7, 0/60 HPs)
             Began as a Minotaur Fighter on Mar 31, 2018.
             Succumbed to a scorpion's poison
             ... on level 4 of the Dungeon.
             The game lasted 00:05:25 (2161 turns).

Peloso the Shield-Bearer (Minotaur Fighter)         Turns: 2161, Time: 00:05:26

Health: 0/60       AC: 16    Str: 21    XL:     7   Next: 30%
Magic:  6/6        EV:  5    Int:  5    God:
Gold:   106        SH: 12    Dex: 11    Spells: 6/6 levels left

rFire    . . .     SeeInvis .   a - +0 long sword
rCold    . . .     Gourm    .   c - +0 shield
rNeg     + . .     Faith    .   b - +0 plate armour {rN+}
rPois    .         Spirit   .   (helmet restricted)
rElec    .         Reflect  +   p - +0 cloak
rCorr    .         Harm     .   q - +0 pair of gloves
MR       .....                  j - +0 pair of boots
Stlth    ..........             h - +2 amulet of reflection
HPRegen  0.20/turn              m - ring of stealth
MPRegen  0.10/turn              (no ring)

@: lethally poisoned (0 -> -2)
A: retaliatory headbutt, horns 2
a: no special abilities


You were on level 4 of the Dungeon.
You were not hungry.

You visited 1 branch of the dungeon, and saw 4 of its levels.

You collected 106 gold pieces.

Inventory:

Hand Weapons
 a - a +0 long sword (weapon)
Armour
 b - a +0 plate armour of positive energy (worn)
 c - a +0 shield (worn)
 j - a +0 pair of boots (worn)
 p - a +0 cloak (worn)
 q - a +0 pair of gloves (worn)
Jewellery
 h - a +2 amulet of reflection (around neck)
 m - a ring of stealth (left hand)
Scrolls
 e - 2 scrolls of noise {unknown}
 g - 6 scrolls of identify {unknown}
 i - 3 scrolls of remove curse {unknown}
 k - a scroll of enchant weapon {unknown}
 u - 2 scrolls of amnesia {unknown}
 v - a scroll of enchant armour {unknown}
 y - a scroll of random uselessness {unknown}
Potions
 d - a potion of might
 l - a potion of heal wounds {unknown}
 n - a potion of agility {unknown}
 o - 3 potions of curing {unknown}
 r - a potion of lignification {unknown}
 s - a potion of resistance {unknown}
 t - a potion of degeneration {unknown}
 w - a potion of flight {unknown}
Comestibles
 f - 5 rations


   Skills:
 + Level 4.6 Fighting
 + Level 5.9 Long Blades
 + Level 5.8 Armour
 + Level 1.2 Dodging
 + Level 0.2 Stealth
 + Level 6.4 Shields


You had 6 spell levels left.
You didn't know any spells.

Dungeon Overview and Level Annotations

Branches:
Dungeon (4/15)
 Temple: D:4-7

Altars:


Innate Abilities, Weirdness & Mutations

You reflexively headbutt those who attack you in melee.
You have a pair of horns on your head.


Message History

The ogre shouts!
An ogre is nearby!
An ogre is nearby!
You feel sick. The ogre hits you with a giant club!!
You hit the ogre but do no damage.
You feel sick. The ogre hits you but does no damage.
You hit the ogre but do no damage. You hit the ogre.
The ogre is lightly wounded.
You feel sick. The ogre hits you but does no damage.
You hit the ogre.
The ogre is moderately wounded.
The ogre hits you with a giant club!
* * * LOW HITPOINT WARNING * * *
You hit the ogre. Your headbutt misses the ogre.
The ogre is heavily wounded.
The ogre hits you with a giant club!
* * * LOW HITPOINT WARNING * * *
You die...

.#....##.#.##.≈≈.#
.#....###.###.≈≈.#
.#....# #.# #.≈≈.#
.#....###.# #.≈≈.#
# .#...###.##
#.≈≈.# .. #..#
#.## #.≈≈.# ..
##.## #.≈≈O# #..
##.###.≈≈.# ###
##.#.##.≈≈@#
#.###.#.≈≈.#
#.###.#.≈≈.# .
#[##.##.≈≈.# .
##.#.##.≈≈.#
#.###..≈≈.#
##.##.#.≈≈.#
#.##.##.≈≈.#
##..####≈≈##


You could see an ogre.

Vanquished Creatures
  The ghost of BorisKarlOrff the Cudgeler, a novice HOBe of Trog (D:4)
  A scorpion (D:4)
  A hound (D:4)
  2 orc wizards (D:4)
  An iguana (D:4)
  12 adders
  3 worms
  4 leopard geckos
  3 orcs
  7 bats
  4 giant cockroaches
  7 goblins
  5 hobgoblins
  8 jackals
  5 kobolds
  2 frilled lizards (D:2)
  9 rats
75 creatures vanquished.

Notes
Turn   | Place    | Note
-------+----------+-------------------------------------------
     0 | D:1      | Peloso the Minotaur Fighter began the quest for the Orb.
     0 | D:1      | Reached XP level 1. HP: 19/19 MP: 0/0
   102 | D:1      | Reached skill level 4 in Shields
   102 | D:1      | Reached XP level 2. HP: 22/27 MP: 1/1
   448 | D:2      | Reached XP level 3. HP: 32/33 MP: 2/2
   585 | D:2      | Reached XP level 4. HP: 21/40 MP: 3/3
  1239 | D:3      | Found a faded altar of an unknown god.
  1282 | D:3      | Reached skill level 5 in Shields
  1360 | D:3      | Reached XP level 5. HP: 41/46 MP: 4/4
  1755 | D:4      | Reached skill level 5 in Armour
  1764 | D:4      | Reached XP level 6. HP: 22/53 MP: 5/5
  1783 | D:4      | Noticed BorisKarlOrff's ghost (novice HOBe)
  1952 | D:4      | Killed BorisKarlOrff's ghost
  1952 | D:4      | Reached skill level 5 in Long Blades
  1952 | D:4      | Reached skill level 1 in Dodging
  1952 | D:4      | Reached skill level 6 in Shields
  1952 | D:4      | Reached XP level 7. HP: 50/60 MP: 6/6
  2160 | D:4      | HP: 1/60 [ogre/giant club (17)]
  2161 | D:4      | Succumbed to a scorpion's poison

Skill      XL: |  1  2  3  4  5  6 |
---------------+-------------------+-----
Shields        | 4 5 6 |  6.4
Armour         | 4 5 |  5.8
Fighting       | 4 |  4.6
Long Blades    | 3 4 5 |  5.9
Dodging        | 1 |  1.2
Stealth        | |  0.2

Action                   |  1- 3 |  4- 6 |  7- 9 || total
-------------------------+-------+-------+-------++-------
Melee: Long sword        |    67 |   124 |    28 ||   219
       Headbutt          |     7 |    28 |     4 ||    39
  Use: Potion            |       |     1 |       ||     1
  Eat: Chunk             |       |     4 |       ||     4
Armor: Scale mail        |    48 |       |       ||    48
       Chain mail        |       |    90 |     1 ||    91
       Plate armour      |       |       |     8 ||     8
Dodge: Dodged            |    31 |    39 |     3 ||    73
Block: Shield            |    60 |    85 |     8 ||   153
       Reflection        |     3 |       |       ||     3
       Rpst.: Long sword |     8 |    10 |       ||    18
